 Dungeon Crawl Stone Soup version 0.29.0-5-ge4962eb29e (webtiles) character file.

Game seed: 5033701081377726401

14227 magipi the Thrower (level 11, -2/101 HPs)
             Began as a Minotaur Brigand on Aug 28, 2022.
             Was an Initiate of Gozag.
             Slain by a two-headed ogre
             ... wielding a +0 giant club
              (24 damage)
             ... on level 9 of the Dungeon.
             The game lasted 00:42:12 (11332 turns).

magipi the Thrower (Minotaur Brigand)              Turns: 11332, Time: 00:42:12

Health: -2/101     AC: 13    Str: 18    XL:     11   Next: 85%
Magic:  10/10      EV: 14    Int:  8    God:    Gozag
Gold:   1369       SH:  8    Dex: 10    Spells: 10/10 levels left

rFire   . . .      SeeInvis .   b - +1 dagger (venom)
rCold   + + +      Faith    .   y - +0 buckler
rNeg    + . .      Spirit   .   h - +0 chain mail
rPois   .          Reflect  +   (helmet restricted)
rElec   .          Harm     .   m - +0 cloak
rCorr   .          Rampage  .   (no gloves)
Will    .....                   (no boots)
Stlth   ..........              r - amulet of Vipev {Reflect Fragile rC+++ Dex-4 Slay+5 SH+5}
HPRegen 0.26/turn               n - ring of positive energy
MPRegen 0.12/turn               v - +4 ring of evasion

@: hasted, very quick
A: horns 2, retaliatory headbutt
a: Renounce Religion, Potion Petition, Call Merchant, Bribe Branch


You were on level 9 of the Dungeon.
You worshipped Gozag.
Gozag was most pleased with you.
You visited 2 branches of the dungeon, and saw 10 of its levels.
You also visited: Sewer.

You collected 1526 gold pieces.
You spent 88 gold pieces at shops.
You paid 69 gold pieces to Gozag.

Inventory:

Hand Weapons
 a - a +4 dagger
 b - a +1 dagger of venom (weapon)
 s - a +1 spear of flaming
 t - the +11 halberd "Nydoyree" {venom, *Rage rElec Str-3 Dex+6}
   (You found it on level 2 of the Dungeon)

   It poisons the flesh of those it strikes.
   Str:       It affects your strength (-3).
   Dex:       It affects your dexterity (+6).
   rElec:     It insulates you from electricity.
   *Rage:     It berserks you when you make melee attacks (+20% chance).
Missiles
 d - 18 poisoned darts (quivered)
 w - 9 boomerangs
Armour
 h - a +0 chain mail (worn)
 m - a +0 cloak (worn)
 y - a +0 buckler (worn)
Jewellery
 c - a ring of protection from cold
 n - a ring of positive energy (left hand)
 r - the amulet of Vipev (around neck) {Reflect Fragile rC+++ Dex-4 Slay+5 SH+5}
   (You found it on level 7 of the Dungeon)

   [amulet of reflection]

   It reflects blocked missile attacks.
   Dex:       It affects your dexterity (-4).
   Slay:      It affects your accuracy & damage with ranged weapons and melee
   (+5).
   rC:        It renders you almost immune to cold.
   Fragile:   It will be destroyed if unequipped.
   SH:        It affects your SH (+5).
 v - a +4 ring of evasion (right hand)
Wands
 e - a wand of flame (5)
Scrolls
 f - 2 scrolls of torment
 k - 2 scrolls of vulnerability
 q - 2 scrolls of noise
 u - a scroll of poison
 z - a scroll of enchant armour
 B - 2 scrolls of teleportation
 C - 2 scrolls of enchant weapon
 D - a scroll of silence
 E - 3 scrolls of immolation
 G - 2 scrolls of summoning
 H - a scroll of magic mapping
Potions
 i - a potion of attraction
 j - a potion of lignification
 l - a potion of magic
 o - a potion of flight
 p - a potion of mutation
 x - 2 potions of ambrosia
 A - 4 potions of curing
 I - 3 potions of brilliance


   Skills:
 + Level 10.9 Fighting
 - Level 2.1 Short Blades
 - Level 11.0 Throwing
 + Level 10.6 Armour
 + Level 9.9 Dodging
 - Level 3.2 Stealth
 + Level 4.1 Evocations


You had 10 spell levels left.
You didn't know any spells.
Your spell library contained the following spells:

 Spells                   Type           Power      Damage    Failure   Level
 Ensorcelled Hibernation  Hex/Ice        0%         N/A       100%        2
 Passwall                 Tmut/Erth      0%         N/A       100%        2
 Swiftness                Air            0%         N/A       100%        3
 Fireball                 Conj/Fire      0%         3d3       100%        5
 Iskenderun's Battlesphe  Conj           0%         2d6       100%        5
 Conjure Ball Lightning   Conj/Air       0%         3x3d6     100%        6
 Orb of Destruction       Conj           0%         9d5       100%        7


Dungeon Overview and Level Annotations

Branches:
Dungeon (9/15)             Temple (1/1) D:6            Lair (0/5) D:8
    Orc (0/2) D:9           Sewer (visited)

Altars:
Ashenzari
Cheibriados
Elyvilon
Fedhas
Gozag
Hepliaklqana
Makhleb
Nemelex Xobeh
Okawaru
Qazlal
Ru
Sif Muna
Trog
Uskayaw
Vehumet
Wu Jian
Xom
Zin
The Shining One

Shops:
D:3 [!(?*   D:5 *

Annotations:
D:4 Eustachio


Innate Abilities, Weirdness & Mutations

You have a pair of horns on your head.
You reflexively headbutt those who attack you in melee.


Message History

The poisoned dart completely misses the two-headed ogre.
The grasping roots constrict the two-headed ogre.
The roots release their grip on the two-headed ogre.
Unknown command.
You hit the two-headed ogre but do no damage.
The two-headed ogre looks even sicker.
You headbutt the two-headed ogre.
The two-headed ogre is heavily wounded.
You block the two-headed ogre's attack.
The two-headed ogre hits you with a +0 giant club!!
Unknown command.
Unknown command.
Aiming: Fastroot
Press: ? - help, Shift-Dir - straight line, f/p - two-headed ogre
Aim: a two-headed ogre, wielding two +0 giant clubs (heavily wounded, very poisoned)
The roots erupt in riotous growth!
Roots grab the two-headed ogre.
The now-empty wand crumbles to dust.
The grasping roots constrict the two-headed ogre.
You hear a shout!
Unknown command.
The grasping roots constrict the two-headed ogre!
The roots release their grip on the two-headed ogre.
The two-headed ogre attacks as you move away!
The two-headed ogre hits you with a +0 giant club!! x2
* * * LOW HITPOINT WARNING * * *
Unknown command.
Unknown command.
Unknown command.
Unknown command.
Okay, then.
Unknown command.
Okay, then.
Unknown command.
Unknown command.
Okay, then.
Unknown command.
You feel yourself speed up. The two-headed ogre barely misses you.
The two-headed ogre hits you with a +0 giant club!!
You die...
Your body crumbles into a pile of gold.

#.# #.# ### #####
#.# #........# #.###
#.##.# #.# #.#.##
##.#.#.##.###..#.###
#...###.......###...
#..#.#.##.###..#.###
#.O@......##....##
#.#########.....#
#.# ##...## #(######
##.## #......# #.#
#......# #.#
#(.....# #+ ##.....#
#.....#


You could see a two-headed ogre (very poisoned).

Vanquished Creatures
  5 two-headed ogres
  Pikel (D:7)
  A deep elf pyromancer (D:7)
  A cyclops (D:7)
  A gargoyle (D:7)
  A kobold demonologist (D:7)
  2 trolls
  2 hornets
  6 dream sheep (D:8)
  Sigmund (D:2)
  3 shadows
  A wraith (D:7)
  5 yaks (D:8)
  A steam dragon (D:9)
  2 vampire mosquitoes (D:7)
  Menkaure (D:7)
  3 wargs (D:9)
  3 water moccasins (D:7)
  An ice beast (D:7)
  4 sky beasts
  4 orc warriors
  A wolf (D:8)
  An ogre (D:7)
  4 centaurs
  3 phantoms
  2 kobold brigands (D:7)
  2 necrophages
  5 bullfrogs
  6 scorpions
  2 gnoll sergeants
  4 wights (D:9)
  16 killer bees
  A vampire bat (D:3)
  5 howler monkeys
  3 electric eels (D:8)
  2 jellies
  An orc priest (D:3)
  7 hounds
  An iron imp (D:3)
  6 orc wizards
  4 iguanas
  13 gnolls
  20 adders
  5 river rats
  A white imp (D:7)
  An ufetubus (D:5)
  3 dart slugs
  16 orcs
  11 bats
  5 endoplasms
  3 giant cockroaches
  6 goblins
  6 hobgoblins
  8 jackals
  2 quokkas
  11 ball pythons
  6 frilled lizards
  5 kobolds
  30 rats
277 creatures vanquished.

Vanquished Creatures (collateral kills)
  A gnoll (D:4)
1 creature vanquished.

Vanquished Creatures (others)
  A centaur (D:7)
  3 plants
4 creatures vanquished.

Grand Total: 282 creatures vanquished

Notes
Turn   | Place    | Note
-------+----------+-------------------------------------------
     0 | D:1      | magipi the Minotaur Brigand began the quest for the Orb.
     0 | D:1      | Reached XP level 1. HP: 18/18 MP: 0/0
   241 | D:1      | Found a faded altar of an unknown god.
   323 | D:1      | Reached XP level 2. HP: 25/25 MP: 1/1
  1070 | D:2      | Reached skill level 1 in Armour
  1105 | D:2      | Reached XP level 3. HP: 28/30 MP: 2/2
  1250 | D:2      | Identified the +11 halberd "Nydoyree" {venom, *Rage rElec
                  | Str-3 Dex+6}
  1289 | D:2      | Noticed Sigmund
  1299 | D:2      | Killed Sigmund
  1300 | D:2      | Reached skill level 4 in Throwing
  1300 | D:2      | Reached XP level 4. HP: 36/40 MP: 3/3
  1300 | D:2      | Reached XP level 5. HP: 42/46 MP: 4/4
  1805 | D:3      | Found Rinuyzir's Antique Weapon Emporium.
  1875 | D:3      | Found Jaonnuwu's Assorted Antiques.
  1907 | D:3      | Reached XP level 6. HP: 51/52 MP: 5/5
  1931 | D:3      | Found Vohentul's Magic Scroll Shoppe.
  1935 | D:3      | Bought a scroll of identify for 22 gold pieces
  1935 | D:3      | Bought a scroll of identify for 22 gold pieces
  1935 | D:3      | Bought a scroll of identify for 22 gold pieces
  1935 | D:3      | Bought a scroll of identify for 22 gold pieces
  2176 | D:3      | Found Buatsoty's Distillery.
  2202 | D:3      | Found Orefovee's Antique Armour Shoppe.
  2612 | D:3      | Found a snail-covered altar of Cheibriados.
  2760 | D:4      | Found a hide-covered altar of Uskayaw.
  3032 | D:4      | Found a sacrificial altar of Ru.
  3178 | D:4      | Reached skill level 5 in Throwing
  3227 | D:4      | Reached XP level 7. HP: 60/60 MP: 6/6
  3315 | D:4      | Noticed Eustachio
  3317 | D:4      | Found a shimmering blue altar of Sif Muna.
  3345 | D:5      | Entered Level 5 of the Dungeon
  3473 | D:5      | Found a sparkling altar of Nemelex Xobeh.
  3533 | D:5      | Found Gose's Assorted Antiques.
  3618 | D:5      | Found a bloodstained altar of Trog.
  4037 | D:5      | Reached skill level 5 in Fighting
  4243 | D:5      | Reached skill level 6 in Throwing
  4503 | D:6      | Found a white marble altar of Elyvilon.
  4539 | D:6      | Reached XP level 8. HP: 67/68 MP: 7/7
  4833 | D:6      | Found a glowing drain.
  4837 | Sewer    | Entered a sewer
  4924 | Sewer    | Reached skill level 5 in Armour
  5099 | Sewer    | Reached skill level 5 in Dodging
  5140 | Sewer    | Reached skill level 7 in Throwing
  5241 | D:6      | Found a staircase to the Ecumenical Temple.
  5250 | Temple   | Entered the Ecumenical Temple
  5264 | Temple   | Became a worshipper of Gozag Ym Sagoz the Greedy
  5549 | D:7      | Found a stormy altar of Qazlal.
  5651 | D:7      | Found a blossoming altar of Fedhas.
  5707 | D:7      | Reached XP level 9. HP: 78/78 MP: 8/8
  5890 | D:7      | Reached skill level 8 in Throwing
  5896 | D:7      | Noticed a deep elf pyromancer
  5896 | D:7      | Noticed a two-headed ogre
  5903 | D:7      | Noticed a gargoyle
  5912 | D:7      | Noticed a kobold demonologist
  5938 | D:7      | Noticed a troll
  5993 | D:7      | Paralysed by a hornet for 1 turns
  6013 | D:7      | Reached skill level 9 in Throwing
  6025 | D:7      | Killed a troll
  6178 | D:7      | Noticed a cyclops
  6188 | D:7      | Noticed a two-headed ogre
  6347 | D:7      | Killed a cyclops
  6348 | D:7      | Reached XP level 10. HP: 53/88 MP: 9/9
  6412 | D:7      | Killed a two-headed ogre
  6467 | D:7      | Killed a gargoyle
  6468 | D:7      | Reached skill level 10 in Throwing
  6672 | D:7      | Killed a deep elf pyromancer
  6710 | D:7      | Noticed Pikel
  6730 | D:7      | Killed Pikel
  6847 | D:7      | Identified the amulet of Vipev {Reflect Fragile rC+++ Dex-4
                  | Slay+5 SH+5}
  6888 | D:7      | Found an iron altar of Okawaru.
  6890 | D:7      | Found a burning altar of Makhleb.
  6891 | D:7      | Found a shimmering blue altar of Sif Muna.
  6897 | D:7      | Noticed a two-headed ogre
  7268 | D:7      | Noticed a sun demon
  8000 | D:8      | Noticed a two-headed ogre
  8179 | D:9      | Found a staircase to the Orcish Mines.
  8433 | D:9      | Identified the +2 robe of Nowkodgh {Harm *Slow rC+ Str+4}
  8584 | D:8      | Reached skill level 11 in Throwing
  8795 | D:8      | Reached XP level 11. HP: 92/93 MP: 10/10
  8954 | D:8      | Found a staircase to the Lair.
  9018 | D:8      | Noticed a two-headed ogre
  9086 | D:7      | Noticed Menkaure
  9106 | D:7      | Killed Menkaure
  9284 | D:7      | Killed a two-headed ogre
  9285 | D:7      | Reached skill level 1 in Evocations
  9305 | D:7      | Killed a two-headed ogre
  9474 | D:7      | Reached skill level 10 in Fighting
  9912 | D:8      | Killed a two-headed ogre
 10245 | D:8      | Reached skill level 10 in Armour
 10681 | D:8      | Found a glowing silver altar of Zin.
 10731 | D:8      | Found a broken altar of Ashenzari.
 10870 | D:8      | Killed a two-headed ogre
 10953 | D:8      | Found the +5 robe of Night {Dark Will+ SInv}
 11320 | D:9      | Noticed a two-headed ogre
 11332 | D:9      | Slain by a two-headed ogre

Illustrated notes

Levels and vault maps discovered:
D:1:      minmay_arrival_four_houses, layout_basic,
          ebering_ecumenical_altar_mist
D:2:      layout_basic, uniq_sigmund
D:3:      layout_loops_ring, slow_altar_2, serial_shops, nicolae_diamond_shop,
          shop, shop, shop, shop, roderic_batcave
D:4:      layout_gridville, old_standard_altar, kennysheep_little_box,
          mainiacjoe_overflow_alcove_2, serial_forest, infiniplex_forest_end_2,
          infiniplex_forest_end_3, infiniplex_forest_clump_double,
          infiniplex_forest_clump_double, infiniplex_forest_lined_2,
          infiniplex_forest_lined_corner, infiniplex_forest_corner_1,
          infiniplex_forest_clump_small, uniq_eustachio
D:5:      layout_cave_pools, lemuel_round_altar, kennysheep_mini, serial_shops,
          nicolae_square_shop
D:6:      layout_basic, elyvilon_altar_1, minmay_temple_entry_large_hall,
          gup_sewer_entry_bowl, chequers_big_river
D:7:      minmay_the_grid_octo_tiled_octocenter [minmay_the_grid_octo_pinwheel,
          minmay_the_grid_octo_focus, minmay_the_grid_octo_vomiting_pacman,
          minmay_the_grid_octo_odd_swirl, minmay_the_grid_octo_prize_big_c,
          minmay_the_grid_square_5x5_minivault, minmay_the_grid_square_5x5_mess,
          minmay_the_grid_square_5x5_empty,
          minmay_the_grid_square_5x5_tri_point], layout_loops_corners,
          nicolae_qazlal_eye_of_the_storm, serial_aquarium,
          aquarium_bridge_square [aquarium_subvault_bridge,
          aquarium_subvault_balcony, aquarium_subvault_bridge,
          aquarium_subvault_bridge], aquarium_window_2, aquarium_window_2,
          aquarium_window_fake, aquarium_window_2, aquarium_view_2f,
          aquarium_pool_side, minivault_25, minmay_holes, uniq_menkaure,
          uniq_pikel
D:8:      layout_basic, lemuel_crystal_altar, mainiacjoe_overflow_catwalk,
          erik_lair_island, hellmonk_guarded_unrand_night
D:9:      layout_loops_corners, minmay_orc_entry_guard_dogs,
          kennysheep_generic_room_11, uniq_amaemon
Temple:   chequers_temple_sunken

Skill      XL: |  1  2  3  4  5  6  7  8  9 10 11 |
---------------+----------------------------------+-----
Armour         | 1 2 3 4 6 7 9 10 | 10.6
Fighting       | 3 4 5 6 8 9 10 | 10.9
Throwing       | 4 5 6 7 9 11 | 11.0
Dodging        | 2 3 4 5 7 8 9 |  9.9
Evocations     | 4 |  4.1
Short Blades   | |  2.1
Stealth        | |  3.2

Action                   |  1- 3 |  4- 6 |  7- 9 | 10-12 || total
-------------------------+-------+-------+-------+-------++-------
Melee: Dagger            |    51 |   107 |   386 |   376 ||   920
       Headbutt          |     5 |    21 |    87 |    90 ||   203
       Halberd           |     4 |     3 |       |       ||     7
       Punch             |       |     1 |     1 |       ||     2
Throw: Dart              |       |    10 |    37 |     9 ||    56
       Boomerang         |       |       |    12 |    23 ||    35
Evoke: Wand              |       |       |     4 |    21 ||    25
  Use: Scroll            |       |    16 |     9 |     3 ||    28
       Potion            |       |       |     7 |     7 ||    14
 Stab: Sleeping          |     2 |       |       |       ||     2
       Invisible         |       |       |     1 |       ||     1
       Distracted        |       |       |       |     2 ||     2
Armor: Chain mail        |    22 |    48 |   218 |   114 ||   402
       Robe              |     1 |       |       |       ||     1
Dodge: Dodged            |    22 |    32 |   203 |   127 ||   384
Block: Buckler           |       |       |    45 |   103 ||   148
       Reflection        |       |       |       |     3 ||     3
